 Dungeon Crawl Stone Soup version 0.29.0-4-gdea44cf6ec (webtiles) character file.

Game seed: 12210340717729334755

19 qw the Sneak (level 2, -8/19 HPs)
             Began as a Gargoyle Delver on Sept 10, 2022.
             Mangled by Terence
             ... wielding a +0 falchion
              (11 damage)
             ... on level 2 of the Dungeon.
             The game lasted 00:00:21 (790 turns).

qw the Sneak (Gargoyle Delver)                       Turns: 790, Time: 00:00:21

Health: -8/19      AC:  5    Str: 15    XL:     2   Next: 75%
Magic:  2/2        EV: 11    Int: 10    God:
Gold:   50         SH:  0    Dex: 11    Spells: 1/1 levels left

rFire   . . .      SeeInvis .   Y - +1 hand axe
rCold   . . .      Faith    .   (no shield)
rNeg    + . .      Spirit   .   b - +0 leather armour
rPois   inf        Reflect  .   (no helmet)
rElec   +          Harm     .   (no cloak)
rCorr   .          Rampage  .   (no gloves)
Will    .....                   (no boots)
Stlth   +++.......              (no amulet)
HPRegen 0.06/turn               (no ring)
MPRegen 0.08/turn               (no ring)

@: no status effects
A: sickness immunity, AC +2, negative energy resistance 1, electricity
resistance, torment resistance 1, petrification resistance
a: no special abilities


You were on level 2 of the Dungeon.
You visited 1 branch of the dungeon, and saw 4 of its levels.

You collected 50 gold pieces.


Innate Abilities, Weirdness & Mutations

You are immune to sickness and miasma.
Your stone body is resilient. (AC +2)
You are immune to poison.
You resist negative energy. (rN+)
You are resistant to electric shocks. (rElec)
You are resistant to unholy torment.
You are immune to petrification.


   Skills:
 - Level 3.2 Fighting
 + Level 2.9 Axes
 - Level 1.5 Dodging
 - Level 5.4 Stealth


You had one spell level left.
You didn't know any spells.
Your spell library was empty.

Inventory:

Hand Weapons
 d - a +0 whip
 Y - a +1 hand axe (weapon)
Armour
 a - the +11 chain mail of Etzink {-Cast Will+ Stlth+}
   (You found it on level 2 of the Dungeon)

   -Cast:     It prevents spellcasting.
   Will:      It increases your willpower.
   Stlth:     It makes you more stealthy.
 b - a +0 leather armour (worn)
Jewellery
 c - a ring of positive energy
Wands
 g - a wand of digging (3)
Scrolls
 e - a scroll of identify {unknown}
 h - a scroll of silence {unknown}
 i - 2 scrolls of immolation {unknown}
Potions
 f - a potion of haste

Dungeon Overview and Level Annotations

Branches:
Dungeon (5/15)
 Temple: D:4-7

Altars:

Shops:
D:5 [

Annotations:
D:2 Terence


Message History

The ball python constricts you.
You completely miss the ball python.
The ball python is moderately wounded.
The ball python barely misses you. The ball python constricts you.
You hit the ball python.
You kill the ball python!
You start resting.
HP restored.
Terence the Incautious comes into view.
He is wielding a +0 falchion and carrying a wand of quicksilver (12).
Found a stone staircase leading up.
Enter note:
Enter note: You hit Terence.
Terence is lightly wounded.
Terence barely misses you.
You hit Terence.
Terence is moderately wounded.
Terence drinks a potion.
Terence seems to grow stronger.
You hit Terence.
Terence is moderately wounded.
Terence barely misses you. Terence hits you but does no damage.
You hit Terence.
Terence is heavily wounded.
Terence hits you with a +0 falchion.
You hit Terence but do no damage.
Terence is heavily wounded.
Terence zaps a wand.
The bolt of dispelling energy misses you.
You slash Terence!
Terence is almost dead.
Terence zaps a wand.
The bolt of dispelling energy hits you!
Ouch! That really hurt!
You barely miss Terence.
Terence is almost dead.
Terence closely misses you.
You barely miss Terence.
Terence is almost dead.
Terence hits you with a +0 falchion!
Ouch! That really hurt!
You die...

#...# #####.... #...#
#.### #...# #.#.. #...#
#.#.#
####.##########.#.#
#............##....
####.##.#.......####.#
#.#....##.#..####.####.#
......@@..#..#......##..
#<.............##.#.####
#..###.......####.#.####
. ##.###.......#.#...
.## ##.)....#.#... ..
#.###........ ... # #
#.##)##.. ##.. #....##..
##..####..


You could see Terence (strong).

Vanquished Creatures
  2 dart slugs (D:2)
  3 bats
  An endoplasm (D:3)
  2 goblins
  5 ball pythons
  2 kobolds
15 creatures vanquished.

Notes
Turn   | Place    | Note
-------+----------+-------------------------------------------
     0 | D:5      | qw the Gargoyle Delver began the quest for the Orb.
     0 | D:5      | Reached XP level 1. HP: 14/14 MP: 1/1
     0 | D:5      | 0 ||| qw: Version: 0.1-a-116-g5d60599
     0 | D:5      | 0 ||| qw: Game counter: 8574
     0 | D:5      | 0 ||| qw: Always use a shield: true
     0 | D:5      | 0 ||| qw: God list: Okawaru
     0 | D:5      | 0 ||| qw: Allow faded altars: false
     0 | D:5      | 0 ||| qw: Do Orc after D:15 true
     0 | D:5      | 0 ||| qw: Do second Lair branch before Depths: true
     0 | D:5      | 0 ||| qw: Lair rune preference: random
     0 | D:5      | 0 ||| qw: Plans: Normal
     0 | D:5      | 0 ||| PLANNING D:1-11
     1 | D:5      | Found Enib's Antique Armour Boutique.
     3 | D:5      | 3 ||| DROPPING scroll of fog.
     4 | D:5      | 4 ||| DROPPING scroll of magic mapping.
     5 | D:5      | 5 ||| DROPPING scroll of fear.
    29 | D:4      | 29 ||| Stepping ~*~*~tactically~*~*~ (stealth).
    31 | D:4      | 31 ||| Stepping ~*~*~tactically~*~*~ (stealth).
   443 | D:3      | Reached XP level 2. HP: 19/19 MP: 2/2
   450 | D:3      | 450 ||| READING scroll labelled UDIHYKHLIDA.
   451 | D:3      | 451 ||| READING scroll labelled ALUDDU BECHIT.
   469 | D:2      | Identified the +11 chain mail of Etzink {-Cast Will+
                  | Stlth+}
   587 | D:2      | 587 ||| Stepping ~*~*~tactically~*~*~ (stealth).
   588 | D:2      | 588 ||| Stepping ~*~*~tactically~*~*~ (stealth).
   624 | D:2      | 624 ||| Stepping ~*~*~tactically~*~*~ (stealth).
   626 | D:2      | 626 ||| Stepping ~*~*~tactically~*~*~ (stealth).
   628 | D:2      | 628 ||| Stepping ~*~*~tactically~*~*~ (stealth).
   629 | D:2      | 629 ||| Stepping ~*~*~tactically~*~*~ (stealth).
   631 | D:2      | 631 ||| Stepping ~*~*~tactically~*~*~ (stealth).
   637 | D:2      | 637 ||| Stepping ~*~*~tactically~*~*~ (stealth).
   638 | D:2      | 638 ||| Stepping ~*~*~tactically~*~*~ (stealth).
   721 | D:2      | 721 ||| Stepping ~*~*~tactically~*~*~ (stealth).
   731 | D:2      | 731 ||| Stepping ~*~*~tactically~*~*~ (stealth).
   732 | D:2      | 732 ||| Stepping ~*~*~tactically~*~*~ (stealth).
   734 | D:2      | 734 ||| Stepping ~*~*~tactically~*~*~ (stealth).
   759 | D:2      | 759 ||| Stepping ~*~*~tactically~*~*~ (stealth).
   780 | D:2      | Noticed Terence
   788 | D:2      | HP: 3/19 [Terence/bolt of dispelling energy (13)]
   790 | D:2      | Mangled by Terence

Levels and vault maps discovered:
D:2:      layout_loops_cross, chequers_garden, uniq_terence, uniq_natasha
D:3:      layout_basic, nicolae_ru_path_of_blood,
          hellmonk_ecumenical_altar_watching_god
D:4:      layout_gridville, chequers_temple_overflow_minitemple
D:5:      layout_basic, minmay_temple_entry_poolview, serial_shops, shop,
          kennysheep_generic_room_8, uniq_duvessa, uniq_blork_the_orc, uniq_ijyb

Skill      XL: |  1 |
---------------+----+-----
Axes           | 2 |  2.9
Fighting       | |  3.2
Dodging        | |  1.5
Stealth        | |  5.4

Action                   || total
-------------------------++-------
Melee: Hand axe          ||    41
  Use: Scroll            ||     2
 Stab: Sleeping          ||     2
       Distracted        ||     1
Armor: Leather armour    ||    11
Dodge: Dodged            ||    21

Table legend:
 A = Non-vault XP
 B = Vault XP
 C = Vault XP percentage of total XP
 D = Non-vault monster count
 E = Vault monster count
 F = Vault count percentage of total count
                 A         B        C        D         E       F
            +---------+---------+-------+---------+---------+-------
      Total |      28 |       0 |   0.0 |      15 |       0 |   0.0
            +---------+---------+-------+---------+---------+-------
        D:2 |      16 |       0 |   0.0 |       8 |       0 |   0.0
        D:3 |      11 |       0 |   0.0 |       6 |       0 |   0.0
        D:4 |       1 |       0 |   0.0 |       1 |       0 |   0.0
            +---------+---------+-------+---------+---------+-------
